Map: Deathaura LE

Players

Vindicta

  • Race: Terran Terran
  • League: Master
  • Spawn Location: 5:00

Cuddlebear - Winner!

  • Race: Terran Terran
  • League: Master
  • Spawn Location: 11:00

Event: DreamHack SC2 Masters 2020 Fall

VOD

Have the link to the VOD?

Description

Time

  • Played on: Sept. 1, 2020, 3:51 p.m.
  • Length: 10:12

All games in this series

Show
View Real Time Build Order
Export as new Build Order

Vindicta Terran 

Build Orders:  

Get SALT Encoding   

  12  0:00  SCV  
  13  0:13  SCV  
  14  0:17  Supply Depot  
  14  0:25  SCV  
  14  0:27  Refinery  
  15  0:39  SCV  
  16  0:44  Barracks  
  16  0:51  SCV  
  16  0:56  Refinery  
  17  1:03  SCV  
  18  1:15  SCV  
  19  1:31  Reaper  
  19  1:32  Orbital Command  
  20  1:39  Factory  
  20  1:49  Supply Depot  
  20  1:58  SCV  
  21  2:03  Reaper  
  22  2:10  SCV  
  23  2:22  SCV, Hellion  
  26  2:34  SCV  
  26  2:36  Reaper  
  28  2:38  Command Center  
  28  2:48  Bunker  
  28  2:56  Hellion  
  28  2:57  SCV  
  30  3:02  Supply Depot  
  30  3:05  Starport  
  30  3:12  SCV  
  30  3:14  Barracks Reactor  
  30  3:24  Factory Tech Lab  
  29  3:31  Refinery  
  29  3:33  SCV  
  30  3:45  SCV  
  30  3:48  Cyclone  
  30  3:51  Starport Tech Lab  
  30  3:52  Marine  
  30  3:57  SCV  
  30  3:58  Marine  
  32  4:06  Orbital Command  
  32  4:09  SCV, Marine  
  32  4:15  Raven  
  32  4:16  Marine  
  36  4:21  SCV  
  37  4:27  Marine  
  41  4:32  SCV  
  41  4:33  SCV, Marine  
  44  4:40  Cyclone  
  44  4:44  SCV  
  44  4:45  SCV, Marine  
  46  4:48  Command Center  
  46  4:51  Marine  
  48  4:56  SCV  
  48  4:58  SCV, Supply Depot  
  50  5:02  Raven  
  52  5:11  Marine  
  54  5:15  Supply Depot  
  54  5:18  SCV  
  54  5:20  Marine, Siege Tank  
  58  5:21  Supply Depot  
  58  5:23  SCV  
  59  5:30  SCV  
  59  5:35  SCV  
  61  5:42  SCV  
  62  5:45  Supply Depot  
  62  5:47  SCV  
  65  5:51  Marine x2  
  65  5:52  Siege Tank  
  65  5:54  SCV  
  65  5:56  Refinery  
  71  5:59  SCV  
  71  6:02  Barracks  
  71  6:04  Barracks  
  73  6:06  SCV  
  73  6:10  Orbital Command  
  73  6:11  SCV, Raven  
  73  6:14  Marine x2  
  76  6:18  SCV  
  76  6:23  SCV, Engineering Bay  
  78  6:26  Engineering Bay  
  78  6:28  Siege Tank  
  78  6:30  SCV, Orbital Command  
  82  6:34  Marine x2  
  84  6:41  SCV  
  84  6:42  SCV  
  84  6:45  Supply Depot  
  86  6:51  Marine  
  86  6:53  SCV  
  88  6:55  SCV  
  88  6:58  Barracks Reactor  
  88  7:00  SCV, Starport Reactor  
  90  7:02  Stimpack  
  90  7:04  Siege Tank  
  90  7:06  SCV, Terran Infantry Weapons Level 1, Terran Infantry Armor Level 1  
  90  7:07  SCV  
  95  7:12  SCV  
  95  7:14  Barracks  
  95  7:15  Barracks  
  95  7:19  SCV  
  95  7:21  Marine x2  
  95  7:22  Refinery x2  
  98  7:23  SCV  
  98  7:28  SCV  
  100  7:30  Marine  
  100  7:31  SCV  
  100  7:35  SCV  
  100  7:36  Marine x2, Siege Tank  
  107  7:37  Medivac  
  107  7:39  Medivac  
  107  7:40  SCV  
  107  7:42  Supply Depot, Sensor Tower  
  109  7:55  Supply Depot  
  109  8:02  Supply Depot  
  109  8:04  SCV x3, Marine x5  
  117  8:06  Barracks Reactor x2, Supply Depot  
  117  8:08  Factory  
  117  8:10  Armory  
  117  8:19  SCV  
  115  8:20  SCV x2  
  115  8:21  Marine x3, Siege Tank  
  123  8:30  Marine x2  
  123  8:31  SCV  
  123  8:32  SCV  
  123  8:33  SCV  
  118  8:39  Medivac, Marine  
  118  8:40  Medivac  
  123  8:44  Marine x2  
  120  8:54  SCV x2  
  113  8:55  Factory Tech Lab  
  113  8:56  Siege Tank  
  113  8:59  Marine  
  113  9:00  Marine  
  115  9:06  SCV x3  
  115  9:07  Marine x2  
  104  9:13  Liberator  
  104  9:14  Liberator  
  106  9:21  Marine x4  
  106  9:22  Marine x2  
  115  9:25  Marine x2  
  115  9:29  Supply Depot  
  115  9:38  SCV x2  
  115  9:39  SCV, Marine x3  
  123  9:48  Missile Turret  
  123  9:49  Missile Turret  
Show
View Real Time Build Order
Export as new Build Order

Cuddlebear Terran - Winner!

Build Orders: Gas First Reaper Expand 

Get SALT Encoding   

  12  0:00  SCV  
  13  0:12  SCV  
  14  0:17  Supply Depot  
  14  0:24  SCV  
  15  0:29  Refinery  
  15  0:38  SCV  
  16  0:44  Barracks  
  16  0:50  SCV  
  17  1:02  SCV  
  18  1:15  SCV  
  19  1:32  Orbital Command  
  19  1:33  Reaper  
  20  1:50  Command Center  
  20  1:59  Factory  
  20  2:00  SCV  
  21  2:07  Barracks Reactor  
  21  2:13  SCV  
  22  2:19  Supply Depot  
  22  2:20  Refinery  
  22  2:25  SCV  
  23  2:41  SCV  
  23  2:44  Marine x2  
  24  2:45  Hellion  
  28  2:56  SCV  
  28  2:57  Starport  
  28  3:02  Marine x2  
  28  3:03  Supply Depot  
  29  3:15  Hellion  
  31  3:20  SCV  
  31  3:21  Marine  
  31  3:27  Marine  
  31  3:32  SCV  
  33  3:36  Fusion Core  
  33  3:45  Orbital Command  
  29  3:48  Starport Tech Lab  
  29  3:50  SCV  
  29  3:55  Hellion  
  32  4:01  Hellion  
  34  4:03  SCV  
  35  4:10  SCV  
  36  4:17  SCV  
  36  4:20  Supply Depot, Raven  
  36  4:22  SCV  
  40  4:28  Factory Tech Lab  
  40  4:29  SCV, Marine x2  
  43  4:37  SCV  
  44  4:40  Command Center  
  44  4:41  SCV  
  45  4:46  Supply Depot  
  45  4:47  Refinery, Marine  
  45  4:52  Marine, Siege Tank  
  50  4:55  SCV  
  51  5:00  SCV  
  50  5:07  SCV  
  50  5:13  SCV, Barracks  
  52  5:15  Barracks  
  52  5:19  SCV, Starport Reactor  
  53  5:24  Supply Depot  
  53  5:25  SCV  
  53  5:27  Siege Tank  
  57  5:30  Stimpack, Marine  
  57  5:32  SCV  
  59  5:37  SCV  
  60  5:44  SCV  
  60  5:48  Marine  
  60  5:49  SCV  
  61  5:51  Engineering Bay  
  61  5:52  Engineering Bay  
  61  5:53  Refinery  
  61  5:55  Orbital Command  
  61  5:56  SCV  
  62  5:59  Marine  
  62  6:01  Marine  
  62  6:02  Siege Tank  
  67  6:04  SCV  
  67  6:06  Starport Reactor  
  67  6:08  SCV  
  69  6:14  Marine x2  
  69  6:15  Marine  
  69  6:16  SCV  
  73  6:19  Terran Infantry Weapons Level 1, Terran Infantry Armor Level 1  
  73  6:20  SCV  
  73  6:21  SCV  
  73  6:23  Marine x2  
  77  6:28  SCV  
  77  6:32  SCV, Marine x3  
  80  6:34  Siege Tank  
  80  6:35  SCV  
  80  6:39  Supply Depot  
  86  6:44  Medivac x2, Marine x2  
  86  6:46  SCV  
  93  6:52  Supply Depot  
  93  6:54  Supply Depot  
  93  7:00  SCV x3, Marine x3  
  99  7:02  Marine  
  99  7:06  Supply Depot, Marine  
  100  7:09  Combat Shield  
  99  7:18  SCV x3, Supply Depot, Marine x3  
  99  7:20  Marine  
  99  7:21  Medivac  
  99  7:22  Armory  
  106  7:24  Marine  
  104  7:30  SCV  
  104  7:34  SCV x2  
  104  7:35  Marine x2  
  109  7:38  Marine  
  109  7:42  Marine  
  109  7:43  Marine  
  112  7:45  Siege Tank  
  112  7:50  SCV x2  
  117  7:53  Marine x2  
  117  7:55  Medivac x2  
  117  7:56  Armory, Marine  
  124  7:58  SCV  
  124  8:00  Marine, Barracks  
  124  8:01  Barracks  
  124  8:03  Marine  
  127  8:10  Supply Depot  
  127  8:11  Marine x2  
  129  8:13  Supply Depot  
  129  8:14  Marine  
  129  8:17  SCV  
  129  8:18  Marine  
  132  8:20  SCV  
  132  8:25  Marine  
  133  8:29  Marine  
  133  8:30  Marine  
  133  8:32  Medivac x2, Marine, Siege Tank  
  138  8:35  SCV  
  138  8:36  Marine  
  138  8:40  SCV  
  138  8:41  SCV  
  141  8:43  Supply Depot, Refinery x2, Marine  
  141  8:44  Supply Depot  
  141  8:47  Command Center, Marine  
  136  8:50  Marine  
  136  8:54  Marine  
  130  8:56  Marine  
  130  9:01  Marine  
  126  9:06  Marine  
  126  9:07  Siege Tank  
  126  9:08  Marine  
  123  9:10  Barracks Reactor x2, Medivac x2  
  123  9:11  SCV x2  
  123  9:12  Marine  
  123  9:13  SCV  
  123  9:14  Marine  
  132  9:17  Supply Depot  
  132  9:18  Supply Depot  
  132  9:19  Marine  
  132  9:23  SCV  
  132  9:24  SCV, Marine  
  135  9:26  Marine  
  135  9:30  Refinery, Marine  
  138  9:32  Marine  
  138  9:34  SCV  
  138  9:36  Marine  
  138  9:38  Sensor Tower  
  139  9:52  Marine x2  
  138  9:53  Marine  

Tags
 
Add a new tag
Caveats
  • Supply blocks, unpowered buildings, or Contaminate may cause inaccurate times.
  • Supply counts are checked every 10 seconds.